 Dungeon Crawl Stone Soup version 0.21.1-1-g345015fe64 (webtiles) character file.

4632 Kohma the Grappler (level 10, -11/103 (104) HPs)
             Began as a Troll Berserker on July 17, 2018.
             Was a High Priest of Trog.
             Mangled by a two-headed ogre
             ... wielding a +0 giant club
              (23 damage)
             ... on level 9 of the Dungeon.
             The game lasted 00:20:51 (7080 turns).

Kohma the Grappler (Troll Berserker)                Turns: 7080, Time: 00:20:52

HP:   -11/103 (104) AC:  7    Str: 27    XL:     10   Next: 20%
MP:   9/9           EV: 12    Int:  3    God:    Trog [*****.]
Gold: 541           SH:  5    Dex: 12    Spells: 9/9 levels left

rFire    . . .     SeeInvis .     - Unarmed
rCold    . . .     Gourm    +   (no shield)
rNeg     . . .     Faith    .   z - +2 robe {MR+}
rPois    .         Spirit   .   (helmet restricted)
rElec    .         Reflect  +   (no cloak)
rCorr    +         Harm     .   (gloves unavailable)
MR       +....                  (boots unavailable)
Stlth    +.........             e - +5 amulet of reflection
HPRegen  0.67/turn              d - ring of resist corrosion
MPRegen  0.11/turn              (no ring)

@: no status effects
A: large, unfitting armour, claws 3, fast metabolism 3, gourmand, regeneration
1, shaggy fur 1, tough skin 2
a: Berserk, Trog's Hand, Brothers in Arms, Burn Spellbooks, Renounce Religion


You were on level 9 of the Dungeon.
You worshipped Trog.
Trog was extremely pleased with you.
You were completely stuffed.

You visited 2 branches of the dungeon, and saw 10 of its levels.
You also visited: Sewer.

You collected 541 gold pieces.

Inventory:

Hand Weapons
 m - a +1 blowgun
 u - a +1 whip of flaming
Missiles
 f - 7 tomahawks of returning (quivered)
 g - 52 poisoned needles
 n - 4 curare-tipped needles {!f}
 s - 4 needles of confusion
 C - 8 needles of sleeping
Armour
 z - a +2 robe of magic resistance (worn)
Jewellery
 d - a ring of resist corrosion (left claw)
 e - a +5 amulet of reflection (around neck)
 o - the ring "Bitruapach" {rF+ Int+6, unknown}
   (You found it on level 9 of the Dungeon)

   [ring of protection from fire]

   It affects your intelligence (+6).
   It protects you from fire.
 y - an uncursed ring of ice
 B - an uncursed amulet of rage {unknown}
Wands
 h - a wand of iceblast (12)
 G - a wand of acid (6)
Scrolls
 i - 2 scrolls of immolation
 j - 3 scrolls of magic mapping
 p - a scroll of blinking
 q - 4 scrolls of teleportation
 t - 4 scrolls of fog
 w - 6 scrolls of remove curse
 x - a scroll of identify
 E - a scroll of enchant armour
 F - a scroll of enchant weapon
Potions
 a - a potion of lignification
 c - a potion of cancellation
 k - 4 potions of curing
 l - a potion of flight
 r - a potion of magic
 v - a potion of agility
 A - a potion of might {unknown}
 D - a potion of berserk rage {unknown}
 H - a potion of resistance {unknown}
Comestibles
 b - 14 rations


   Skills:
 + Level 7.7 Fighting
 + Level 5.0 Throwing
 - Level 6.0 Dodging
 + Level 9.1 Unarmed Combat


You had 9 spell levels left.
You didn't know any spells.

Dungeon Overview and Level Annotations

Branches:
Dungeon (9/15)             Temple (1/1) D:6             Orc (0/2) D:9
   Lair: D:8-11

Altars:
Ashenzari
Cheibriados
Dithmenos
Elyvilon
Fedhas
Gozag
Hepliaklqana
Kikubaaqudgha
Makhleb
Nemelex Xobeh
Okawaru
Qazlal
Ru
Sif Muna
Trog
Uskayaw
Vehumet
Wu Jian
Xom
Yredelemnul
Zin
The Shining One


Innate Abilities, Weirdness & Mutations

You are too large for most types of armour.
You have claws for hands.
Your metabolism is lightning-fast.
You like to eat raw meat.
Your natural rate of healing is unusually fast.
You are covered in fur. (AC +1)
You have very tough skin. (AC +2)


Message History

The two-headed ogre is severely wounded.
The two-headed ogre hits you with a giant club!!
The two-headed ogre hits you with a giant club!
You scratch the two-headed ogre but do no damage.
The two-headed ogre is severely wounded.
You block the two-headed ogre's attack.
The two-headed ogre hits you with a giant club!
* * * LOW HITPOINT WARNING * * *
You claw the two-headed ogre!
The two-headed ogre is almost dead.
You scratch the two-headed ogre but do no damage.
The two-headed ogre is almost dead.
You hear the faint creaking of a distant portcullis.
The two-headed ogre hits you with a giant club!
* * * LOW HITPOINT WARNING * * *
The two-headed ogre completely misses you.
You barely miss the two-headed ogre. Your claw misses the two-headed ogre.
The two-headed ogre is almost dead.
The two-headed ogre hits you with a giant club!!
You die...

######### #######
###.......#######*
#.....#
#..............<.*
*#....#
#............<..#*
#....# #..............##
###<.####.......@.....##
#......##.......O....##
..####..)...........##
##* ####..........##
##........## #........#
#######.## * ##.# **
*.#*


You could see a two-headed ogre.

Vanquished Creatures
  The ghost of Niraks the Basher, a novice MiFi of Ru (D:8)
  A troll (D:7)
  Prince Ribbit (D:5)
  Sigmund (D:2)
  Eustachio (D:6)
  A water moccasin (D:6)
  Duvessa (D:5)
  An ice beast (D:8)
  A hornet zombie (D:9)
  A sky beast (D:6)
  An orc warrior (D:7)
  A necrophage (D:7)
  4 ogres
  5 centaurs
  A crocodile (D:9)
  A big kobold (D:8)
  2 bullfrogs
  Dowan (D:5)
  4 scorpions
  12 killer bees
  A howler monkey (D:7)
  A centaur zombie (D:6)
  A quasit (D:9)
  A bullfrog zombie (D:7)
  2 crimson imps (D:5)
  2 orc priests
  A hound (D:6)
  A bullfrog skeleton (D:6)
  A centaur skeleton (D:8)
  A jelly (D:8)
  Jessica (D:2)
  3 orc wizards
  3 worker ants
  A hound skeleton (D:6)
  2 gnolls
  A howler monkey skeleton (D:8)
  10 adders
  A river rat (D:4)
  2 shadow imps (D:6)
  2 oozes
  An adder zombie (D:5)
  2 worms (D:2)
  3 dart slugs
  3 leopard geckos
  14 orcs
  7 bats
  4 giant cockroaches
  10 goblins
  10 hobgoblins
  8 jackals
  4 quokkas
  5 ball pythons (Sewer)
  4 frilled lizards
  A jackal zombie (D:8)
  13 kobolds
  A leopard gecko skeleton (D:6)
  13 rats
  2 plants (Sewer)
185 creatures vanquished.

Vanquished Creatures (others)
  A kobold (Sewer)
1 creature vanquished.

Grand Total: 186 creatures vanquished

Notes
Turn   | Place    | Note
-------+----------+-------------------------------------------
     0 | D:1      | Kohma the Troll Berserker began the quest for the Orb.
     0 | D:1      | Reached XP level 1. HP: 22/22 MP: 0/0
   140 | D:1      | Reached XP level 2. HP: 26/29 MP: 1/1
   723 | D:2      | Reached XP level 3. HP: 36/36 MP: 2/2
   734 | D:2      | Reached ** piety under Trog
  1019 | D:2      | Noticed Jessica
  1028 | D:2      | Killed Jessica
  1028 | D:2      | Reached XP level 4. HP: 43/45 MP: 3/3
  1065 | D:2      | Noticed Sigmund
  1095 | D:2      | HP: 2/45 [Sigmund/magic dart (6)]
  1192 | D:3      | You fall through a shaft for 3 floors!
  1192 | D:6      | Noticed a centaur
  1198 | D:6      | Killed a centaur
  1198 | D:6      | Reached skill level 4 in Unarmed Combat
  1198 | D:6      | Reached XP level 5. HP: 47/53 MP: 4/4
  1217 | D:5      | Entered Level 5 of the Dungeon
  1223 | D:5      | Noticed an ogre
  1230 | D:5      | Killed an ogre
  1249 | D:5      | Reached XP level 6. HP: 52/62 MP: 5/5
  1437 | D:4      | Got a polished dagger
  1446 | D:4      | Found a glowing drain.
  1475 | Sewer    | Entered a sewer
  1697 | Sewer    | Reached *** piety under Trog
  2249 | Sewer    | Identified the cursed +1 dagger of Desperation {pain, +Rage +Fly} (You found it on level 4 of the Dungeon)
  2341 | D:3      | Reached skill level 5 in Unarmed Combat
  2403 | D:4      | Reached XP level 7. HP: 62/71 MP: 6/6
  2988 | D:2      | Reached **** piety under Trog
  3065 | D:2      | Killed Sigmund
  3641 | D:5      | Noticed Duvessa
  3641 | D:5      | Noticed Dowan
  3644 | D:5      | Found an ornate altar of the Wu Jian Council.
  3649 | D:5      | Killed Dowan
  3661 | D:5      | Killed Duvessa
  3661 | D:5      | Reached skill level 5 in Fighting
  3661 | D:5      | Reached skill level 5 in Dodging
  3661 | D:5      | Reached skill level 6 in Unarmed Combat
  3700 | D:5      | Found a blossoming altar of Fedhas.
  3700 | D:5      | Found a deep blue altar of Sif Muna.
  3702 | D:5      | Found an opulent altar of Gozag.
  3748 | D:5      | Reached XP level 8. HP: 64/80 MP: 7/7
  3805 | D:5      | Noticed Prince Ribbit
  4290 | D:5      | Killed Prince Ribbit
  4389 | D:6      | Noticed Eustachio
  4413 | D:6      | Killed Eustachio
  4435 | D:6      | Reached skill level 7 in Unarmed Combat
  4654 | D:6      | Found a staircase to the Ecumenical Temple.
  4661 | D:6      | Received a gift from Trog
  4682 | Temple   | Entered the Ecumenical Temple
  4816 | D:6      | Reached skill level 1 in Throwing
  4904 | D:6      | Reached XP level 9. HP: 89/89 MP: 8/8
  5251 | D:7      | Noticed a troll
  5261 | D:7      | Killed a troll
  5524 | D:7      | Reached ***** piety under Trog
  5547 | D:7      | Reached skill level 8 in Unarmed Combat
  6497 | D:8      | Noticed Niraks's ghost (novice MiFi)
  6543 | D:8      | Killed Niraks's ghost
  6543 | D:8      | Reached XP level 10. HP: 59/101 MP: 9/9
  6657 | D:8      | Got a transparent morningstar
  6667 | D:8      | Identified the cursed +1 morningstar of Detrom {protect, +Blink SInv} (You found it on level 8 of the Dungeon)
  6731 | D:8      | Reached skill level 9 in Unarmed Combat
  7049 | D:9      | Reached skill level 5 in Throwing
  7064 | D:9      | Got a scintillating glass ring
  7071 | D:9      | Noticed a two-headed ogre
  7080 | D:9      | Mangled by a two-headed ogre

Skill      XL: |  1  2  3  4  5  6  7  8  9 10 |
---------------+-------------------------------+-----
Fighting       | 3 4 5 6 7 |  7.7
Dodging        | 3 4 5 6 |  6.0
Unarmed Combat | 4 5 6 7 8 9 |  9.1
Throwing       | 1 4 5 |  5.0

Action                   |  1- 3 |  4- 6 |  7- 9 | 10-12 || total
-------------------------+-------+-------+-------+-------++-------
Melee: Unarmed           |    78 |   129 |   328 |    73 ||   608
       Punch             |       |     3 |     8 |     1 ||    12
Invok: Burn Spellbooks   |     1 |       |     1 |       ||     2
       Berserk           |       |       |     1 |       ||     1
  Use: Potion            |       |     1 |     5 |       ||     6
       Scroll            |       |    10 |    10 |     3 ||    23
 Stab: Sleeping          |     2 |       |     1 |       ||     3
       Distracted        |       |     1 |       |       ||     1
  Eat: Chunk             |    15 |    10 |    41 |     7 ||    73
Armor: Animal skin       |    31 |    17 |       |       ||    48
       Robe              |       |    35 |    77 |    25 ||   137
Dodge: Dodged            |    53 |    70 |   192 |    42 ||   357
Block: Other             |       |    25 |    69 |    16 ||   110
       Reflection        |       |     2 |     3 |       ||     5
